Cogmind - Beta 14 @@@ ROGUE MODE // 2024.09.23 @ 20:53:52 Player: puppuppit Result: Destroyed by G-47 Trooper with Particle Gun Performance ------------- Evolutions (2) 1000 Regions Visited (10) 2000 Robots Destroyed (289) 1445 Value Destroyed (7797) 7797 Prototype IDs (41) 820 Alien Tech Used (0) 0 Bonus (2155) 2155 TOTAL SCORE: 15217 Bonus ------- High Alert Combat Kills 1831 Follower Combat Kills 673 Entered Garrisons 400 Aligned with FarCom 300 Friendly Fire -1049 Cogmind --------- Core Integrity 0/550 Matter 276/300 Energy 100/100 System Corruption 6% Temperature Cool (9) Movement Walking (130) Location -8/Garrison Parts ------- > --- POWER (1) -------- (None) > --- PROPULSION (4) --- Titanium Leg Titanium Leg Titanium Leg Titanium Leg > --- UTILITY (3) ------ Small Storage Unit Advanced Targeting Computer Core Shielding > --- WEAPON (3) ------- Gauss Rifle > --- INVENTORY (8) ---- Micro Fission Core Titanium Leg Advanced Cooling System High-capacity Matter Pod (200) Authchip [R/NC] Authchip [R/NC] Authchip [R/Combat] Authchip [R/Combat] Peak State ------------ > --- POWER ------------ Micro Fission Core > --- PROPULSION ------- Gyrokinetic Inverter Gyrokinetic Inverter Linear Gravjet Linear Gravjet > --- UTILITY ---------- Advanced Cooling System Small Storage Unit Advanced Targeting Computer > --- WEAPON ----------- Disruptor Cannon Gauss Rifle Hypervelocity Coil Gun > --- INVENTORY -------- Micro Fission Core Gravmag System High-capacity Matter Pod Improved Shock Absorption System Advanced Drone Bay Mass Driver Armageddon Trap [Rating: 59] Favorites ----------- Power Light Ion Engine Engine Light Ion Engine Power Core Light Nuclear Core Propulsion Cesium-ion Thruster Leg Titanium Leg Wheel Wheel Hover Unit Hover Unit Flight Unit Cesium-ion Thruster Utility Small Storage Unit Device Improved Heat Sink Storage Small Storage Unit Processor Advanced Targeting Computer Hackware Hacking Suite Protection Reactive Plating Weapon Light Cannon Energy Cannon Disruptor Cannon Ballistic Gun Minigun Ballistic Cannon Light Cannon Launcher Grenade Launcher Build | -11 -10 -10 -9 -9 -9 -8 -8 -8 -8 -8 ------- Run | Yrd Mat Min Mat Min Exi Min Mat Gar Mat Gar Slots Evolved 4 | . . . 2 . . . 2 . . . Power . | . . . . . . . . . . . Propulsion 2 | . . . 1 . . . 1 . . . Utility 1 | . . . . . . . 1 . . . Weapon 1 | . . . 1 . . . . . . . Parts Attached 200 | 7 27 11 50 4 3 . 53 29 15 1 Power 28 | 1 5 2 6 2 . . 6 4 2 . Engine 18 | 1 4 2 5 2 . . 1 2 1 . Core 10 | . 1 . 1 . . . 5 2 1 . Reactor . | . . . . . . . . . . . Propulsion 80 | 2 13 6 19 . . . 20 13 7 . Treads . | . . . . . . . . . . . Leg 5 | . . . 1 . . . . . 4 . Wheel 26 | 2 13 6 4 . . . . . 1 . Hover 14 | . . . 8 . . . . 5 1 . Flight 35 | . . . 6 . . . 20 8 1 . Utility 34 | 2 2 3 9 . . . 11 4 2 1 Device 17 | 1 1 1 4 . . . 5 4 1 . Storage 4 | 1 . . 1 . . . 1 . 1 . Processor 3 | . . . 1 . . . 2 . . . Hackware 5 | . . . 2 . . . 3 . . . Protection 5 | . 1 2 1 . . . . . . 1 Artifact . | . . . . . . . . . . . Weapon 58 | 2 7 . 16 2 3 . 16 8 4 . Energy Gun . | . . . . . . . . . . . Energy Cannon 1 | . . . . . . . . 1 . . Ballistic Gun 36 | 2 . . 3 1 3 . 16 7 4 . Ballistic Cannon 18 | . 5 . 13 . . . . . . . Launcher 3 | . 2 . . 1 . . . . . . Special Weapon . | . . . . . . . . . . . Impact Weapon . | . . . . . . . . . . . Slashing Weapon . | . . . . . . . . . . . Piercing Weapon . | . . . . . . . . . . . Special Melee Weapon . | . . . . . . . . . . . Unidentified Prototypes 2 | . . 1 . . . . . . 1 . Parts Lost 35 | . 1 . 10 . . . 10 8 3 3 Power 2 | . . . . . . . . 1 . 1 Propulsion 18 | . 1 . 6 . . . 5 4 2 . Utility 4 | . . . . . . . 3 1 . . Weapon 11 | . . . 4 . . . 2 2 1 2 Highest Loss Streak 4 | . 1 . 3 . . . 3 4 1 3 To Critical Strikes . | . . . . . . . . . . . Average Slot Usage (%) 94 | . 97 90 90 100 78 88 96 97 95 98 Engine 4 | . 8 5 8 11 6 . . 5 . . Core 3 | . 2 . . . . . 7 2 9 8 Leg 1 | . . . . . . . . . 3 36 Wheel 6 | . 28 28 5 . . . . . . . Hover 8 | . . . 20 . . . . 10 21 . Flight 15 | . . . 2 33 33 33 33 25 5 . Device 5 | . 6 . 7 . . . 3 8 8 3 Storage 10 | . 14 14 11 11 11 11 9 9 9 9 Processor 4 | . . . . 11 11 11 2 9 9 9 Hackware 2 | . . . 2 . . . 11 . . . Protection 2 | . 7 13 . . . . . . . 5 Ballistic Gun 17 | . 9 . 1 32 16 33 26 25 26 25 Ballistic Cannon 10 | . 17 28 28 . . . . . . . Peak Build Rating 59 | 9 12 15 20 21 23 23 36 59 56 43 Average Rating 23 | 5 8 10 11 20 18 22 31 31 49 38 On Entrance 21 | . 9 7 14 20 20 23 23 24 56 43 Naked Turns . | . . . . . . . . . . . Heaviest Build 33 | 12 19 30 33 15 15 14 20 31 31 24 Greatest Support 68 | 32 32 32 48 15 15 15 20 40 68 68 Greatest Overweight (x) 6 | . 1 1 2 . . . 6 1 1 . Average Overweight (x) . | . . . . . . . . . . . Largest Inventory Capacity 8 | 8 8 8 8 8 8 8 8 8 8 8 Average Capacity 7 | 7 8 8 8 8 8 8 8 8 8 8 Most Carried 8 | 4 8 8 8 8 8 8 8 8 8 8 Average Carried 7 | . 7 7 6 8 7 7 7 7 7 7 Final Capacity 8 | 8 8 8 8 8 8 8 8 8 8 8 Final Carried 8 | 4 8 8 8 8 8 8 7 8 8 8 Class Distribution -------------------- 22% | Mutant 17% | Skirmisher 17% | Sprinter 12% | Scavenger-Sprinter 8% | Hacker-Sprinter 8% | Scavenger-Gunner 6% | Gunner Dominant Class ---------------- Mutant | -10/Materials Mutant | -10/Mines Scavenger-Gunner | -9/Materials Sprinter | -9/Mines Sprinter | -9/Exiles Sprinter | -8/Mines Hacker-Sprinter | -8/Materials Scavenger-Sprinter | -8/Garrison Skirmisher | -8/Materials Skirmisher | -8/Garrison Resources | -11 -10 -10 -9 -9 -9 -8 -8 -8 -8 -8 ----------- Run | Yrd Mat Min Mat Min Exi Min Mat Gar Mat Gar Matter Collected 9461 | 216 763 514 2666 537 . 480 2398 640 1084 163 Remotely . | . . . . . . . . . . . Salvage Created 10269 | 137 785 381 2421 1056 . 1000 2516 263 1367 343 Parts 581 | 8 48 29 156 50 . 47 137 24 57 25 Haulers Intercepted 16 | . 2 . 6 . . . 4 . 4 . Recyclers Shooed 7 | . 1 . 2 3 . . . . 1 . Parts Field Recycled . | . . . . . . . . . . . Retrieved Matter . | . . . . . . . . . . . Parts Self-Destructed . | . . . . . . . . . . . Prevented . | . . . . . . . . . . . Kills | -11 -10 -10 -9 -9 -9 -8 -8 -8 -8 -8 ------- Run | Yrd Mat Min Mat Min Exi Min Mat Gar Mat Gar Combat Hostiles Destroyed 146 | . 12 4 53 8 . 4 36 6 14 9 Guns 78 | . 4 . . 5 . 4 36 6 14 9 Cannons 59 | . 3 3 53 . . . . . . . AOE 9 | . 5 1 . 3 . . . . . . Classes Destroyed 17 | 2 6 . 6 . . . 2 1 . . Worker 39 | . 4 5 4 4 . 6 11 . 5 . Builder 16 | . 4 1 9 1 . . 1 . . . Tunneler 19 | 4 1 3 . 4 . 4 1 . 2 . Hauler 16 | . 2 . 6 . . . 4 . 4 . Recycler 38 | 1 3 4 8 8 . 7 5 . 2 . Mechanic 2 | . . . 1 . . . 1 . . . Operator 6 | . . . 3 . . . 2 . 1 . Watcher 13 | . 2 . 5 . . . 5 . 1 . Swarmer 32 | . 4 4 9 . . . 8 3 . 4 Cutter 1 | . . . . . . . 1 . . . Grunt 76 | . 8 . 29 7 . 4 18 1 7 2 Brawler 3 | . . . 2 1 . . . . . . Duelist 5 | . . . 2 . . . . . 1 2 Protector 1 | . . . 1 . . . . . . . Sentry 22 | . . . 10 . . . 7 . 4 1 Hunter 4 | . . . . . . . 2 . 2 . Programmer 2 | . . . . . . . . 2 . . Best Kill Streak 28 | 5 7 7 28 13 . 10 7 2 7 5 Combat Bots Only 11 | . 5 3 11 4 . 3 6 2 5 5 Max Kills in Single Turn 3 | 1 2 1 2 3 . 1 2 2 2 3 Gunslinging 1 | . . . . . . . . . 1 1 Exploded 2 | . 1 1 . 2 . . . . . . Melee . | . . . . . . . . . . . Uniques/NPCs Destroyed 1 | . . . . 1 . . . . . . YI-UF0 (-9/Mines) Combat | -11 -10 -10 -9 -9 -9 -8 -8 -8 -8 -8 -------- Run | Yrd Mat Min Mat Min Exi Min Mat Gar Mat Gar Hostile Shots Fired 646 | . 28 27 167 10 . 13 148 83 65 105 Missed 211 | . 7 7 54 . . 6 52 32 25 28 Damage Taken 5789 | . 249 239 1371 127 . 113 1424 683 775 808 Core 963 | . 43 74 226 27 . 33 246 74 121 119 Absorbed by Shields 122 | . . . . . . . . 76 . 46 Redirected to Shielding 22 | . . . . . . . . . . 22 Ignored by Resistances 40 | . . 40 . . . . . . . . Regen/Repaired (Parts) 571 | . 41 . 157 . . . 326 . 47 . Core Remaining (%) 60 | 100 . 53 . . . 28 . . . . Volleys Fired 666 | 8 59 35 167 52 . 36 155 69 64 21 Largest 3 | 2 2 2 3 3 . 3 3 3 3 3 Hottest 118 | 40 70 70 118 80 . 75 78 73 91 84 Shots Fired 1771 | 16 117 70 493 153 . 108 456 121 192 45 Gun 1130 | 16 43 . . 149 . 108 456 121 192 45 Cannon 633 | . 70 70 493 . . . . . . . Launcher 8 | . 4 . . 4 . . . . . . Special . | . . . . . . . . . . . Kinetic 1763 | 16 113 70 493 149 . 108 456 121 192 45 Thermal . | . . . . . . . . . . . Explosive 8 | . 4 . . 4 . . . . . . Electromagnetic . | . . . . . . . . . . . Robot Hit Streak 14 | 6 9 6 9 10 . 12 14 12 11 6 Robot Miss Streak 9 | 1 3 5 9 6 . 3 9 4 3 5 Penetration Max 2 | . . . . . . . 1 1 2 . Secondary Targets 15 | . 1 . . 1 . 2 5 1 2 3 Max Gunslinging Chain 1 | . 1 . . 1 . 1 1 1 1 1 Shots Hit Robots 936 | 10 62 35 227 101 . 58 249 55 120 19 Core Hits 439 | 5 34 17 122 39 . 28 111 23 46 14 Critical Kills 8 | . 1 . . 1 . 1 . . 4 1 Critical Parts Destroyed 12 | . . . . . . . 4 . 8 . Critical Strikes 33 | . 2 2 10 1 . 1 4 . 12 1 Destroy 20 | . 1 . . 1 . 1 4 . 12 1 Blast 13 | . 1 2 10 . . . . . . . Melee Attacks . | . . . . . . . . . . . Impact . | . . . . . . . . . . . Slashing . | . . . . . . . . . . . Piercing . | . . . . . . . . . . . Sneak Attacks . | . . . . . . . . . . . Combat Hostiles . | . . . . . . . . . . . Follow-up Attacks . | . . . . . . . . . . . Damage Inflicted 17400 | 125 1268 725 4560 1764 . 979 4360 986 2098 535 Guns 10679 | 125 289 . . 1375 . 979 4360 986 2032 533 Cannons 5767 | . 586 621 4560 . . . . . . . Explosions 952 | . 393 104 . 389 . . . . 66 . Melee . | . . . . . . . . . . . Ramming 2 | . . . . . . . . . . 2 Kinetic 16446 | 125 875 621 4560 1375 . 979 4360 986 2032 533 Thermal 170 | . . 104 . . . . . . 66 . Explosive 782 | . 393 . . 389 . . . . . . Electromagnetic . | . . . . . . . . . . . Impact . | . . . . . . . . . . . Slashing . | . . . . . . . . . . . Piercing . | . . . . . . . . . . . Highest Corruption 6 | . . . 1 1 1 1 2 6 6 6 Average Corruption 3 | . . . 1 1 1 1 2 4 6 6 Corruption Purged . | . . . . . . . . . . . Corruption Blocked . | . . . . . . . . . . . Effects 69 | . . . 5 4 . 5 3 23 22 7 Message Errors 17 | . . . . 1 . 1 1 7 5 2 Matter Fused 22 | . . . 2 1 . 1 1 5 11 1 Heat Flow Errors 11 | . . . 1 . . 1 . 5 3 1 Energy Discharges 9 | . . . 1 1 . 2 . 5 . . Parts Rejected 1 | . . . . . . . . . 1 . Parts Fused 1 | . . . . . . . . . 1 . Data Loss (minor) 4 | . . . 1 . . . 1 . . 2 Data Loss (major) 1 | . . . . . . . . 1 . . Misfires 1 | . . . . . . . . . . 1 Alerts 1 | . . . . . . . . . 1 . Weapon Failures 1 | . . . . 1 . . . . . . Overload Shots . | . . . . . . . . . . . Overflow Damage 36 | . . 4 32 . . . . . . . Projectiles 36 | . . 4 32 . . . . . . . Explosions . | . . . . . . . . . . . Melee . | . . . . . . . . . . . Knockbacks 64 | . 3 5 56 . . . . . . . Impact . | . . . . . . . . . . . Kinetic 58 | . 3 5 50 . . . . . . . Secondary 6 | . . . 6 . . . . . . . Self-Inflicted Damage 49 | . 7 . . . . . . . 42 . Shots 2 | . 1 . . . . . . . 1 . Rammed . | . . . . . . . . . . . Targets Rammed 1 | . . . . . . . . . . 1 Kicked 1 | . . . . . . . . . . 1 Crushed . | . . . . . . . . . . . Highest Temperature 310 | . 75 165 290 170 . 237 310 188 234 185 Average Temperature 59 | . 20 38 64 63 . 50 70 46 92 52 Received Heat Transfer 1656 | . 72 54 453 69 . 63 468 30 234 213 Siege Activations . | . . . . . . . . . . . Robots Corrupted . | . . . . . . . . . . . Combat Hostiles . | . . . . . . . . . . . Parts Fried . | . . . . . . . . . . . Impact Corruptions . | . . . . . . . . . . . Robots Melted . | . . . . . . . . . . . Combat Hostiles . | . . . . . . . . . . . Parts Melted 1 | . . 1 . . . . . . . . Heat Transferred 250 | . . 200 . . . . . . 50 . Parts Sabotaged . | . . . . . . . . . . . Parts Stolen . | . . . . . . . . . . . Parts Stripped . | . . . . . . . . . . . Power Chain Reactions . | . . . . . . . . . . . Alert | -11 -10 -10 -9 -9 -9 -8 -8 -8 -8 -8 ------- Run | Yrd Mat Min Mat Min Exi Min Mat Gar Mat Gar Peak Influence 1755 | 25 443 267 1574 898 . 175 1062 1755 1366 1140 Initial 890 | . 16 31 65 580 . . 68 687 855 890 Average 710 | 8 199 106 950 770 . 67 400 1386 1155 998 Maximum Alert Level 5 | . 2 1 4 3 . . 3 5 4 4 Low Security (%) 24 | 100 58 76 13 . . 100 14 . . . Level 1 17 | . 32 23 6 . . . 55 . . . Level 2 7 | . 9 . 12 27 . . 11 1 . . Level 3 21 | . . . 25 72 . . 18 13 26 96 Level 4 26 | . . . 43 . . . . 68 73 3 Level 5 2 | . . . . . . . . 16 . . High Security . | . . . . . . . . . . . Max Security . | . . . . . . . . . . . Sterilizations 1 | . . . 1 . . . . . . . Squads Dispatched 32 | . 4 . 11 3 . . 12 . 2 . Investigation 21 | . 4 . 7 3 . . 6 . 1 . Extermination . | . . . . . . . . . . . Reinforcement 8 | . . . 2 . . . 5 . 1 . Assault 3 | . . . 2 . . . 1 . . . Garrison . | . . . . . . . . . . . Intercept . | . . . . . . . . . . . Searches Triggered . | . . . . . . . . . . . Construction Impeded 1 | . . . 1 . . . . . . . Haulers Reinforced . | . . . . . . . . . . . Active Scanning Responses . | . . . . . . . . . . . Cargo Convoy Interrupts . | . . . . . . . . . . . Stealth | -11 -10 -10 -9 -9 -9 -8 -8 -8 -8 -8 --------- Run | Yrd Mat Min Mat Min Exi Min Mat Gar Mat Gar Distress Signals 10 | . 3 . 1 . . . 4 . 2 . Communications Jammed . | . . . . . . . . . . . Distress Signals . | . . . . . . . . . . . Times Spotted 237 | . 20 5 70 10 . 4 63 24 26 15 Peak Tracking Total 9 | . 6 3 9 3 . 3 8 8 5 9 Tactical Retreats 14 | . 2 . 4 . . . 7 . . 1 Traps | -11 -10 -10 -9 -9 -9 -8 -8 -8 -8 -8 ------- Run | Yrd Mat Min Mat Min Exi Min Mat Gar Mat Gar Traps Triggered 17 | . 2 1 2 . . . 1 7 . 4 Indirectly . | . . . . . . . . . . . Trap Hack Attempts . | . . . . . . . . . . . Triggered . | . . . . . . . . . . . Disarmed . | . . . . . . . . . . . Reprogrammed 10 | . 9 . 1 . . . . . . . Reused 8 | . 1 . 1 . . . . 4 2 . Traps Extracted . | . . . . . . . . . . . Installed 7 | . . . . . . . . 5 2 . Triggered 8 | . 1 . 1 . . . . 4 2 . Most Traps Carried 5 | . . . . . . . . 5 2 . Machines | -11 -10 -10 -9 -9 -9 -8 -8 -8 -8 -8 ---------- Run | Yrd Mat Min Mat Min Exi Min Mat Gar Mat Gar Machines Disabled 36 | . 5 4 5 1 . . 1 15 4 1 Max in Single Turn 4 | . 2 4 1 1 . . 1 2 2 1 Garrison Relay 9 | . . . . . . . . 8 . 1 Machines Repaired . | . . . . . . . . . . . Machines Dismantled . | . . . . . . . . . . . Machines Sabotaged . | . . . . . . . . . . . Overloaded Fab Kills . | . . . . . . . . . . . Hacking | -11 -10 -10 -9 -9 -9 -8 -8 -8 -8 -8 --------- Run | Yrd Mat Min Mat Min Exi Min Mat Gar Mat Gar Machines Accessed 59 | . 9 1 14 3 5 . 13 3 11 . Terminals 38 | . 8 . 10 2 . . 8 3 7 . Fabricators . | . . . . . . . . . . . Repair Stations 6 | . 1 . 2 . . . 2 . 1 . Recycling Units 2 | . . . . . . . 1 . 1 . Scanalyzers 4 | . . . 2 . . . 1 . 1 . Garrison Access 2 | . . . . . . . 1 . 1 . Total Hacks 237 | . 35 1 52 7 50 . 51 7 34 . Successful 142 | . 12 1 28 4 50 . 29 2 16 . Failed 91 | . 22 . 23 3 . . 21 5 17 . Catastrophic 22 | . 4 . 5 1 . . 4 2 6 . Database Lockouts 4 | . 1 . 1 . . . 1 . 1 . Manual 49 | . 6 . 14 6 1 . 17 . 5 . Terminals 131 | . 27 . 36 6 . . 32 7 23 . Fabricators . | . . . . . . . . . . . Repair Stations 33 | . 8 . 8 . . . 13 . 4 . Recycling Units 3 | . . . . . . . 1 . 2 . Scanalyzers 16 | . . . 8 . . . 4 . 4 . Garrison Access 2 | . . . . . . . 1 . 1 . Terminal Hacks 100 | . 8 1 14 4 50 . 11 2 10 . Record 49 | . . . . . 49 . . . . . Robot Schematic 1 | . . . . 1 . . . . . . Robot Analysis 9 | . 1 . 3 2 . . 1 . 2 . Prototype ID Bank 12 | . 1 . 3 . . . 5 . 3 . Open Door 3 | . . 1 . 1 . . . 1 . . Branch Access Points 1 | . 1 . . . . . . . . . Emergency Access Points 2 | . . . . . . . . 1 1 . Terminal Index 3 | . 1 . 1 . . . 1 . . . Unreport Threat 2 | . 1 . . . . . 1 . . . Reprogram Traps 4 | . 2 . 2 . . . . . . . Recall Investigation 1 | . . . 1 . . . . . . . Recall Reinforcements 2 | . . . . . . . 2 . . . Registered Components 1 | . . . 1 . . . . . . . Zone Layout 9 | . 1 . 3 . . . 1 . 4 . Derelict Proto ID Bank 1 | . . . . . 1 . . . . . Fabricator Hacks . | . . . . . . . . . . . Repair Station Hacks 25 | . 4 . 6 . . . 12 . 3 . Scan Component 14 | . 3 . 3 . . . 6 . 2 . Repair 11 | . 1 . 3 . . . 6 . 1 . Recycling Unit Hacks 1 | . . . . . . . 1 . . . Retrieve Components 1 | . . . . . . . 1 . . . Scanalyzer 14 | . . . 8 . . . 4 . 2 . Insert Component 7 | . . . 4 . . . 2 . 1 . Analyze 7 | . . . 4 . . . 2 . 1 . Garrison Access Hacks 2 | . . . . . . . 1 . 1 . Unlock Access 2 | . . . . . . . 1 . 1 . Unauthorized Hacks . | . . . . . . . . . . . Terminals . | . . . . . . . . . . . Fabricators . | . . . . . . . . . . . Repair Stations . | . . . . . . . . . . . Recycling Units . | . . . . . . . . . . . Scanalyzers . | . . . . . . . . . . . Garrison Access . | . . . . . . . . . . . Data Cores Recovered . | . . . . . . . . . . . Used . | . . . . . . . . . . . Hacking Detections 48 | . 9 . 14 2 . . 11 2 10 . Full Trace Events 28 | . 7 . 10 2 . . 5 1 3 . Feedback Events 1 | . . . 1 . . . . . . . Corruption 1 | . . . 1 . . . . . . . Feedback Blocked . | . . . . . . . . . . . Robot Schematics Acquired 1 | . . . . 1 . . . . . . Robots Built . | . . . . . . . . . . . Authchips . | . . . . . . . . . . . Time . | . . . . . . . . . . . Total Robot Build Rating . | . . . . . . . . . . . Part Schematics Acquired 6 | . . . 3 . . . 2 . 1 . Parts Built . | . . . . . . . . . . . Authchips . | . . . . . . . . . . . Time . | . . . . . . . . . . . Total Part Build Rating . | . . . . . . . . . . . Parts Repaired 11 | . 1 . 3 . . . 6 . 1 . Time 388 | . 26 . 78 . . . 228 . 56 . Parts Recycled . | . . . . . . . . . . . Recycled Matter . | . . . . . . . . . . . Retrieved Matter . | . . . . . . . . . . . Retrieved Components 10 | . . . . . . . 10 . . . Parts Scanalyzed 7 | . . . 4 . . . 2 . 1 . Part Schematics Acquired 6 | . . . 3 . . . 2 . 1 . Parts Damaged . | . . . . . . . . . . . Bothacking | -11 -10 -10 -9 -9 -9 -8 -8 -8 -8 -8 ------------ Run | Yrd Mat Min Mat Min Exi Min Mat Gar Mat Gar Used RIF Installer . | . . . . . . . . . . . Robots Hacked . | . . . . . . . . . . . Non-combat . | . . . . . . . . . . . Combat . | . . . . . . . . . . . Robot Hacks Applied . | . . . . . . . . . . . Relay Couplers Released 33 | . . . . . . . . 29 . 4 Machine Destruction 33 | . . . . . . . . 29 . 4 Fabnet Peak Effective % . | . . . . . . . . . . . Robots Rewired . | . . . . . . . . . . . Allies Hacked . | . . . . . . . . . . . Hacks Repelled . | . . . . . . . . . . . Allies | -11 -10 -10 -9 -9 -9 -8 -8 -8 -8 -8 -------- Run | Yrd Mat Min Mat Min Exi Min Mat Gar Mat Gar Total Allies 5 | . . 3 . . . . . 2 . . Largest Group 3 | . . 3 1 . . . . 2 1 . Highest-Rated Group 45 | . . 40 16 . . . . 45 25 . Highest-Rated Ally 25 | . . 16 16 . . . . 25 25 . Total Orders . | . . . . . . . . . . . Ally Attacks 102 | . . 24 9 . . . 29 38 2 . Total Damage 3558 | . . 240 84 . . . 1539 1644 51 . Kills 33 | . . 4 3 . . . 11 15 . . Allies Corrupted . | . . . . . . . . . . . Allies Melted . | . . . . . . . . . . . Turrets Deployed 3 | . . . . . . . 2 1 . . Intel | -11 -10 -10 -9 -9 -9 -8 -8 -8 -8 -8 ------- Run | Yrd Mat Min Mat Min Exi Min Mat Gar Mat Gar Robot Analysis Total 9 | . 1 . 3 2 . . 1 . 2 . Derelict Logs Recovered 3 | . . 2 . 1 . . . . . . Drone Launches . | . . . . . . . . . . . Drone Recoveries . | . . . . . . . . . . . Exploration | -11 -10 -10 -9 -9 -9 -8 -8 -8 -8 -8 ------------- Run | Yrd Mat Min Mat Min Exi Min Mat Gar Mat Gar Turns Passed 7506 | 90 802 604 1632 419 80 395 1423 1043 764 254 Spaces Moved 8399 | 54 624 498 1510 889 232 764 1474 1598 619 137 Core 13 | 1 . . . . . . 12 . . . Treads . | . . . . . . . . . . . Legs 189 | . . . 4 . . . . . 48 137 Wheels 1395 | 53 624 498 220 . . . . . . . Hover 1921 | . . . 917 . . . . 433 571 . Flight 4881 | . . . 369 889 232 764 1462 1165 . . Fastest Speed 26 | 50 80 80 29 29 29 29 26 29 42 130 Average Speed 48 | 99 87 95 56 29 29 29 29 35 65 130 Slowest Speed 350 | 100 100 100 190 29 29 29 350 120 200 130 Overloaded Moves . | . . . . . . . . . . . Propulsion Burnouts . | . . . . . . . . . . . Robots Hopped 37 | . . . . 9 . 4 22 2 . . Cave-ins Triggered . | . . . . . . . . . . . Exploration Rate (%) 71 | 3 97 97 84 99 62 98 80 90 63 15 Regions Visited 10 Branch Regions 4 Pre-discovered Areas 1 | . . . . . 1 . . . . . Known Exits Taken 4 | . 1 1 . . . . 1 . 1 . Unknown Exits Taken 5 | 1 . . 1 1 1 1 . . . . Scrap Searched 4 | . . 2 . 1 . 1 . . . . Spaces Dug 1 | . . . . . . . . . . 1 Terrain Destroyed 110 | . 14 24 1 34 . . 1 1 34 1 Melee . | . . . . . . . . . . . Projectile 8 | . . . 1 1 . . 1 1 3 1 AOE 100 | . 14 24 . 33 . . . . 29 . Terrain Rammed . | . . . . . . . . . . . Walls Destroyed . | . . . . . . . . . . . Machines Disabled . | . . . . . . . . . . . Actions | -11 -10 -10 -9 -9 -9 -8 -8 -8 -8 -8 --------- Run | Yrd Mat Min Mat Min Exi Min Mat Gar Mat Gar Total 10576 | 72 776 559 1926 954 249 876 2175 1978 834 177 Wait 974 | . 28 2 137 17 . 73 463 126 117 11 Move 8317 | 53 623 497 1509 870 231 755 1430 1593 619 137 Hop 37 | . . . . 9 . 4 22 2 . . Pick Up 94 | 4 12 2 22 . 5 4 19 22 3 1 Fast Attach 92 | 7 9 7 24 . . . 21 12 11 1 Attach 37 | . 1 . 16 . 3 . 13 3 1 . Detach 25 | . . . 10 . 4 . 4 4 3 . Swap 71 | . 17 4 10 4 . . 19 14 3 . Drop 159 | . 27 12 31 2 6 4 29 35 11 2 Fire 666 | 8 59 35 167 52 . 36 155 69 64 21 Melee . | . . . . . . . . . . . Ram . | . . . . . . . . . . . Kick 1 | . . . . . . . . . . 1 Crush . | . . . . . . . . . . . Escape Stasis 96 | . . . . . . . . 93 . 3 Rewire . | . . . . . . . . . . . Trap 7 | . . . . . . . . 5 2 . Miscellaneous . | . . . . . . . . . . . Route ------- -11/Scrapyard -10/Materials (discovered 3 exits: *Mat x2 / *Min) -10/Mines (discovered 2 exits: *Mat x2) -9/Materials (discovered 3 exits: *Mat x2 / *Min) -9/Mines (discovered 3 exits: *Mat x2 / *Exi) -9/Exiles -8/Mines (discovered 2 exits: *Mat x2) -8/Materials (discovered 4 exits: *Fac x3 / Gar) -8/Garrison (discovered 3 exits: *Mat x3) -8/Materials (discovered 4 exits: *Fac x3 / Gar) -8/Garrison History --------- Turn | Location | Event 9 | -11/Scrapyard | Discovered new exit (range 16) 91 | -11/Scrapyard | Entered Materials 98 | -10/Materials | Central database locked down 225 | -10/Materials | Identified exit to Mines 328 | -10/Materials | Build established: Mutant 336 | -10/Materials | Discovered new exit (range 3) 536 | -10/Materials | Repaired Lgt. Cannon 643 | -10/Materials | Discovered new exit (range 13) 893 | -10/Materials | Entered Mines 898 | -10/Mines | Assisted by bots powering up and referring to "LRC-V3" 903 | -10/Mines | Met a Derelict bent on vengeance 910 | -10/Mines | Met a Derelict who couldn't figure out how to use a Trap Extractor 989 | -10/Mines | Learned Materials terminal intel 1011 | -10/Mines | Identified exit to Materials 1027 | -10/Mines | Found a damaged Exp. Sensor Array with a note attached 1030 | -10/Mines | Found Prototype Device 1030 | -10/Mines | Identified Exp. Sensor Array 1457 | -10/Mines | Discovered exit to Materials (range 12) 1497 | -10/Mines | Entered Materials 1497 | -9/Materials | Accompanied by 1 ally 1497 | -9/Materials | Evolved 2 slots: Propulsion x1, Weapon x1 1498 | -9/Materials | Loaded intel: 12 terminal locations 1663 | -9/Materials | Repaired Lgt. Cannon 1893 | -9/Materials | Discovered new exit (range 9) 2072 | -9/Materials | Destroyed 11 combat bots 2188 | -9/Materials | Lost 3 parts (2n1w) 2260 | -9/Materials | Repaired Lgt. Cannon 2288 | -9/Materials | Repaired Hover Unit 2430 | -9/Materials | Discovered new exit (range 10) 2452 | -9/Materials | Build established: Scavenger-Gunner 2456 | -9/Materials | Central database locked down 2697 | -9/Materials | First assault squad dispatched 2801 | -9/Materials | Sterilization system engaged 2801 | -9/Materials | Non-combat units ordered to evacuate 2901 | -9/Materials | Combat units ordered to evacuate 2954 | -9/Materials | Core integrity fell below 50% 3100 | -9/Materials | Discovered new exit (range 14) 3101 | -9/Materials | Ambient heat levels rising (+10) 3129 | -9/Materials | Entered Mines 3157 | -9/Mines | YI-UF0 nonchalantly dropped a Grenade Launcher on the ground 3180 | -9/Mines | Met a Derelict shopkeep closing up shop 3201 | -9/Mines | Murdered YI-UF0 3219 | -9/Mines | Discovered new exit (range 9) 3294 | -9/Mines | Build established: Sprinter 3309 | -9/Mines | Deemed a non-threat by the Exiles lab entrance 3309 | -9/Mines | Discovered new exit (range 5) 3407 | -9/Mines | Discovered new exit (range 9) 3479 | -9/Mines | Learned location of 1 exit from Materials 3548 | -9/Mines | Entered Exiles 3562 | -9/Exiles | Met 8R-AWN 3566 | -9/Exiles | Met EX-HEX 3574 | -9/Exiles | Met EX-BIN 3578 | -9/Exiles | Aligned with FarCom system 3578 | -9/Exiles | Given EX-Vault access code 3590 | -9/Exiles | Opened EX-Vault 3596 | -9/Exiles | Found Deploy-a-Sentry 3597 | -9/Exiles | Found Deploy-a-Sentry 3598 | -9/Exiles | Found Deploy-a-Sentry 3604 | -9/Exiles | Warned to stay clear of 0b10 Research branches 3613 | -9/Exiles | Met EX-DEC 3615 | -9/Exiles | Learned location of Zion (-6) 3625 | -9/Exiles | Discovered new exit (range 12) 3628 | -9/Exiles | Left Exiles lab with Deploy-a-Sentry 3628 | -9/Exiles | Entered Mines 3643 | -8/Mines | Discovered new exit (range 3) 3686 | -8/Mines | Discovered new exit (range 5) 4023 | -8/Mines | Entered Materials 4023 | -8/Materials | Evolved 2 slots: Propulsion x1, Utility x1 4024 | -8/Materials | Identified exit to Factory 4175 | -8/Materials | Discovered exit to Factory (range 7) 4255 | -8/Materials | Repaired Cesium-ion Thruster 4295 | -8/Materials | Repaired Minigun 4439 | -8/Materials | Repaired Minigun 4478 | -8/Materials | Repaired Cesium-ion Thruster 4547 | -8/Materials | Repaired Minigun 4588 | -8/Materials | Repaired Cesium-ion Thruster 4607 | -8/Materials | Central database locked down 4895 | -8/Materials | Discovered exit to Factory (range 15) 4897 | -8/Materials | Build established: Hacker-Sprinter 5138 | -8/Materials | DAS Turret deployed 5179 | -8/Materials | DAS Turret deployed 5181 | -8/Materials | Lost 3 parts (1n2u) 5223 | -8/Materials | First assault squad dispatched 5304 | -8/Materials | Lost 3 parts (2n1w) 5446 | -8/Materials | Identified exit to Garrison 5446 | -8/Materials | Entered Garrison 5459 | -8/Garrison | Garrison Relay disabled 5493 | -8/Garrison | DAS Turret deployed 5523 | -8/Garrison | Core integrity fell below 50% 5550 | -8/Garrison | Lost 4 parts (2n1u1w) 5593 | -8/Garrison | Garrison Relay disabled 5596 | -8/Garrison | Triggered checkpoint 5607 | -8/Garrison | Discovered new exit (range 12) 5689 | -8/Garrison | Discovered new exit (range 11) 5697 | -8/Garrison | Garrison Relay disabled 5701 | -8/Garrison | Triggered checkpoint 5732 | -8/Garrison | Triggered checkpoint 5778 | -8/Garrison | Discovered new exit (range 12) 5782 | -8/Garrison | Triggered checkpoint 5848 | -8/Garrison | Build established: Scavenger-Sprinter 5884 | -8/Garrison | Triggered checkpoint 5949 | -8/Garrison | Rescued a captive Derelict 5953 | -8/Garrison | Rescued a captive Derelict 5986 | -8/Garrison | Triggered checkpoint 5987 | -8/Garrison | Garrison Relay disabled 6110 | -8/Garrison | Spotted B-75 Beast 6190 | -8/Garrison | Lost 3 parts (1p2n) 6315 | -8/Garrison | Garrison Relay disabled 6315 | -8/Garrison | Garrison Relay disabled 6318 | -8/Garrison | Garrison Relay disabled 6322 | -8/Garrison | Garrison Relay disabled 6473 | -8/Garrison | Build established: Skirmisher 6489 | -8/Garrison | Entered Materials 6489 | -8/Materials | Accompanied by 1 ally 6694 | -8/Materials | Discovered exit to Factory (range 13) 6694 | -8/Materials | Central database locked down 6731 | -8/Materials | Discovered exit to Factory (range 16) 6790 | -8/Materials | Repaired Linear Gravjet? 7068 | -8/Materials | Core integrity fell below 20% 7091 | -8/Materials | Discovered exit to Factory (range 9) 7253 | -8/Materials | Identified exit to Garrison 7253 | -8/Materials | Entered Garrison 7318 | -8/Garrison | Triggered checkpoint 7357 | -8/Garrison | Garrison Relay disabled 7507 | -8/Garrison | Destroyed by G-47 Trooper with Particle Gun Last Messages --------------- 07484_ Slug penetrates G-47 Trooper. 07487_ Gauss Rifle destroyed. 07487_ Slug penetrates G-50 Soldier. 07493_ Kicked G-50 Soldier out of the way. 07494_ Acquired 53 matter. 07494_ Triggered Stasis Trap. 07494_ A bubble of rippling energy engulfs the area. 07494_ Field strength at 46. 07494_ Gauss Rifle destroyed. 07495_ Slug penetrates Wall. 07497_ Slug penetrates G-50 Soldier. 07497_ G-50 Soldier suffers critical hit (Destroy). 07497_ G-50 Soldier destroyed. 07499_ Slug penetrates G-47 Trooper. 07500_ N 3ZHS PMRDORHJ61S6EOFX9HPX% 07501_ Slug penetrates S-10 Pest. 07501_ S-10 Pest destroyed. 07503_ Slug penetrates G-47 Trooper. 07504_ Stasis field depleted. 07505_ Slug penetrates G-47 Trooper. Map ----- +----------------------------------------------------+ | ?????????????????????????????????????????????????? | | ?????????????????????????????????????????????????? | | ?????????????????????????????????????????????????? | | ??????????????????????? ???????????????????????? | | ??????????????????????? ??????????????????????? | | ??????????????????????? ??????????????????????? | | ??????????????????????# #??????????????????????? | | ????????????? ## ???## #??????????????????????? | | ????????????? ??? "??????????????????????? | | ????????????? ??? "g?????????????????????? | | ?????????????? ?? "??????????????????????? | | ??????????????? ?? "??????????????????????? | | ????????????????# ?# #??????g???????????????? | | ????????????????? ## ####?#####?????????????? | | ???????????C??????? ??? #?????????????? | | ???????????????????? ???? #?????????????? | | ????????????????????? #?????# #?????????????? | | ??????????????????????# ###????# #?????????????? | | ??????????????????????# =# #????# #?????????????? | | ??????????????????????#[!+ ?????# #?????????????? | | ??????????????????????#=%#??????# #?????????????? | | ??????????????????????#^!#??????# #?????????????? | | ??????????????????????#^!#??????# #?????????????? | | ??????????????????????# *#??s???# #?????????????? | | ??????????????????# ###gs###+#### ##############? | | ??????????????????# ;%[@ g /= #? | | ??????????????????#####=%=[s* ! * #? | | ??????????????????????###########%=########### #? | | ????????????????????????????????#=%#?##??????# #? | | ??????????????????????????????###%[##"#??????# #? | | ??????????????????????????????# [*[ "#??????# #? | | ??????????????????????????????# = ! "#??????# #? | | ??????????????????????????????# !!"#??????# ## | | ??????????????????????????????#"# ##!#??????# | | ??????????????????????????????# # #?##??????# | | ??????????????????????????????# # #?????????# | | ??????????????????????????????# # #?????????##### | | ??????????????????????????????### #?????????????? | | ????????????????????????????????# #?????????????? | | ????????????????????????????????####?????????????? | | ?????????????????????????????????????????????????? | | ?????????????????????????????????????????????????? | | ?????????????????????????????????????????????????? | | ?????????????????????????????????????????????????? | | ?????????????????????????????????????????????????? | | ?????????????????????????????????????????????????? | | ?????????????????????????????????????????????????? | | ?????????????????????????????????????????????????? | | ?????????????????????????????????????????????????? | | ?????????????????????????????????????????????????? | +----------------------------------------------------+ Best States ------------- Heat Dissipation 62 Coolant Potential 50 Energy Generation 18 Energy Capacity 250 Matter Stores 300 Matter Capacity 300 Sight Range 16 Terrain Scan Range 16 Terrain Scan Density 10 Armor Coverage 225 Resistance: KI 20 Core Shielding 20 Evasion (%) 64 Targeting Accuracy 8 Offensive Hacking 20 Authchip Count 4 Item Schematics ----------------- Flak Cannon | -9/Materials | Scanalyzed Lgt. Cannon | -9/Materials | Scanalyzed Imp. Light Cannon | -9/Materials | Scanalyzed Imp. VTOL Module | -8/Materials | Scanalyzed Minigun | -8/Materials | Scanalyzed Gauss Rifle | -8/Materials | Scanalyzed Robot Schematics ------------------ O-16 Technician | -9/Mines | Hacked Fabricated ------------ Nothing Alien Tech Used ----------------- None Achievements -------------- None Challenges ------------ None Game ------ Seed HypercooledArmoredStabilizer Manual? 0 Play Time 01:53:38 Cumulative 482.8 hours Start 2024.09.23 @ 19:01:53 End 2024.09.23 @ 20:53:52 Sessions 1 Manual Loads 0 Difficulty Rogue Special Mode None Game No. 189 Rogue 189 Adventurer 0 Explorer 0 Win Type - Total 4 Types 0/0/2/2/0/0/0/0/0 Lore% 48 Gallery% 75 Achievement% 66 Wizard Run 0 Options --------- Layout 0 ASCII 0 Keyboard 1 Movement Arrows Keybinds 0 Fullscreen 1 Font 12/Proggy Map View 83x54 Zoom Use 0% Tactical HUD 1 Map Filters NONE Filters NONE Steam 0 RUN: f7b8c743-0714-4373-94ec-0435baa0e70c